 Dungeon Crawl Stone Soup version 0.21-a0-504-g2eda330 (webtiles) character file.

362 4thArraOfDagon the Firebug (level 6, -2/41 HPs)
             Began as a Barachi Fire Elementalist on Nov 25, 2017.
             Slain by a centaur (7 damage)
             ... on level 7 of the Dungeon.
             The game lasted 00:04:38 (754 turns).

4thArraOfDagon the Firebug (BaFE)                    Turns: 754, Time: 00:04:39

Health: -2/41      AC:  3    Str:  6 (9)  XL:     6   Next: 66%
Magic:  3/11       EV: 12    Int: 15 (18) God:
Gold:   95         SH:  0    Dex: 10 (12) Spells: 2/12 levels left

rFire    . . .     SeeInvis .   d - +0 morningstar
rCold    . . .     Gourm    .   (no shield)
rNeg     . . .     Faith    .   a - +0 robe
rPois    .         Spirit   .   (no helmet)
rElec    .         Reflect  .   (no cloak)
rCorr    .         Harm     .   (no gloves)
MR       .....                  n - +0 pair of boots
Stlth    ++........             (no amulet)
HPRegen  0.13/turn              (no ring)
MPRegen  0.12/turn              (no ring)

@: slow
A: +LOS, swims, slowness 1, strong legs 1
a: Hop


You were on level 7 of the Dungeon.
You were not hungry.

You visited 1 branch of the dungeon, and saw 7 of its levels.

You collected 95 gold pieces.

Inventory:

Hand Weapons
 d - a +0 morningstar (weapon)
 i - a +0 short sword
Armour
 a - a +0 robe (worn)
 n - a +0 pair of boots (worn)
Scrolls
 e - a scroll of fear
 g - a scroll of summoning {unknown}
 h - a scroll of enchant armour {unknown}
 j - a scroll of noise {unknown}
 k - a scroll of blinking {unknown}
 m - a scroll of enchant weapon {unknown}
Potions
 p - a potion of degeneration
Books
 b - a book of Flames

   Spells                             Type                      Level
   a - Flame Tongue                   Conjuration/Fire             1
   b - Throw Flame                    Conjuration/Fire             2
   c - Conjure Flame                  Conjuration/Fire             3
   d - Inner Flame                    Hexes/Fire                   3
   e - Sticky Flame                   Conjuration/Fire             4
   f - Fireball                       Conjuration/Fire             5
 l - a book of Minor Magic

   Spells                             Type                      Level
   a - Magic Dart                     Conjuration                  1
   b - Blink                          Translocation                2
   c - Call Imp                       Summoning                    2
   d - Slow                           Hexes                        2
   e - Conjure Flame                  Conjuration/Fire             3
   f - Mephitic Cloud                 Conjuration/Poison/Air       3
Comestibles
 c - 2 bread rations
 f - 2 meat rations
 o - a royal jelly


   Skills:
 - Level 2.1 Dodging
 - Level 1.7 Stealth
 + Level 3.6 Spellcasting
 * Level 4.5 Conjurations
 * Level 5.6 Fire Magic


You had 2 spell levels left.
You knew the following spells:

 Your Spells              Type           Power        Failure   Level  Hunger
a - Flame Tongue          Conj/Fire      ###..        2%          1    None
b - Conjure Flame         Conj/Fire      ###.....     7%          3    ###....
c - Sticky Flame          Conj/Fire      ###.....     22%         4    ####...
d - Blink                 Tloc           N/A          28%         2    ##.....


Dungeon Overview and Level Annotations

Branches:
Dungeon (7/15)
 Temple: D:4-7

Altars:


Innate Abilities, Weirdness & Mutations

Shadows flee at your approach. (+LOS)
You can swim through water.
You cover ground slowly.
You can hop short distances.


Message History

Unknown command.
Casting: Sticky Flame
Confirm with . or Enter, or press ? or * to list all spells.
Aiming: Flame Tongue
Press: ? - help, Shift-Dir - straight line, f/p - centaur
Aim: a centaur (moderately wounded, covered in liquid flames)
The flame tongue hits the centaur.
The centaur is moderately wounded.
The centaur burns!
The centaur barely misses you. The centaur hits you.
* * * LOW HITPOINT WARNING * * *
Unknown command.
Casting: Flame Tongue
Confirm with . or Enter, or press ? or * to list all spells.
Aiming: Flame Tongue
Press: ? - help, Shift-Dir - straight line, f/p - centaur
Aim: a centaur (heavily wounded, covered in liquid flames)
The flame tongue hits the centaur.
The centaur is severely wounded.
The centaur burns!
The centaur hits you!
You die...

#........#####
#............#
#........###.# ######...#
#.# ###.# #.# #.# #†#
#.#########.###.########
..(.$...§(c...........>##
#.......(@#############h#
###.#####.# #...#######.#
#># #...'.......# # #.#
#...#######.# .# #.#
#...# #.# .# #.# #...#
#.# ###.# #.# #...# #.#
....# #.# #...# #.# ...##
#.# #...# #.#


You could see a centaur (burning).

Vanquished Creatures
  A hippogriff (D:7)
  A bullfrog (D:6)
  Natasha (D:2)
  A worker ant (D:7)
  A killer bee zombie (D:7)
  An adder (D:4)
  A dart slug (D:2)
  4 orcs (D:7)
  4 bats
  2 giant cockroaches
  A goblin (D:3)
  A hobgoblin (D:2)
  A frilled lizard (D:3)
  A kobold (D:2)
  A rat (D:2)
22 creatures vanquished.

Notes
Turn   | Place    | Note
-------+----------+-------------------------------------------
     0 | D:1      | 4thArraOfDagon the Barachi Fire Elementalist began the quest for the Orb.
     0 | D:1      | Reached XP level 1. HP: 13/13 MP: 3/3
   198 | D:2      | Reached XP level 2. HP: 17/19 MP: 0/5
   210 | D:2      | Noticed Natasha
   244 | D:2      | Killed Natasha
   244 | D:2      | Reached XP level 3. HP: 20/24 MP: 1/6
   249 | D:2      | Learned a level 3 spell: Conjure Flame
   333 | D:3      | Reached skill level 4 in Fire Magic
   338 | D:4      | Noticed an ogre
   469 | D:5      | Entered Level 5 of the Dungeon
   499 | D:5      | Noticed a sky beast
   528 | D:6      | Noticed a bullfrog
   534 | D:6      | HP: 1/24 [bullfrog (3)]
   536 | D:6      | Killed a bullfrog
   536 | D:6      | Reached XP level 4. HP: 2/30 MP: 0/8
   551 | D:6      | Learned a level 4 spell: Sticky Flame
   562 | D:6      | Noticed a bullfrog
   594 | D:7      | Reached XP level 5. HP: 10/35 MP: 7/9
   627 | D:7      | Noticed a centaur
   665 | D:7      | Noticed a hippogriff
   678 | D:7      | Killed a hippogriff
   678 | D:7      | Reached skill level 5 in Fire Magic
   678 | D:7      | Reached XP level 6. HP: 19/41 MP: 3/11
   684 | D:7      | Noticed an orc warrior
   720 | D:7      | Learned a level 2 spell: Blink
   754 | D:7      | Slain by a centaur

Vault maps used:
D:1:      lightli_arrival_quake, serial_bayou_pond_c, serial_bayou_ford_a,
          minmay_misc_feat_square, roderic_lattice_a, patterned_corridor
D:2:      uniq_natasha
D:3:      marbit_many_paths, first_bread
D:4:      minmay_stone_trees_small
D:5:      lightli_sewer_entry_pipes, uniq_edmund, uniq_ijyb, uniq_menkaure
D:7:      minmay_temple_entry_enclosed_plants

Skill      XL: |  1  2  3  4  5 |
---------------+----------------+-----
Conjurations   | 2 3 4 |  4.5
Fire Magic     | 4 5 |  5.6
Spellcasting   | 3 |  3.6
Dodging        | |  2.1
Stealth        | |  1.7

Action                   |  1- 3 |  4- 6 || total
-------------------------+-------+-------++-------
Melee: Unarmed           |    14 |       ||    14
       Short sword       |     3 |     5 ||     8
       Morningstar       |       |     2 ||     2
 Cast: Flame Tongue      |    28 |    17 ||    45
       Conjure Flame     |       |     2 ||     2
       Sticky Flame      |       |     1 ||     1
 Abil: Hop               |     1 |       ||     1
  Use: Scroll            |     2 |     2 ||     4
       Potion            |       |     2 ||     2
 Stab: Sleeping          |     1 |       ||     1
  Eat: Fruit             |       |     4 ||     4
Armor: Robe              |    18 |     2 ||    20
Dodge: Dodged            |    41 |    13 ||    54

Table legend:
 A = Spawn XP
 B = Non-spawn XP
 C = Spawn XP percentage of total XP
 D = Spawn monster count
 E = Non-spawn monster count
 F = Spawn count percentage of total count
 G = Total turns spent on level
                    A         B        C        D         E        F      G
               +---------+---------+-------+---------+---------+-------+---------
         Total |       0 |     518 |   0.0 |       0 |      22 |   0.0 |   754
               +---------+---------+-------+---------+---------+-------+---------
           D:2 |       0 |      48 |   0.0 |       0 |       8 |   0.0 |   235
           D:3 |       0 |       7 |   0.0 |       0 |       4 |   0.0 |    72
           D:4 |       0 |      13 |   0.0 |       0 |       1 |   0.0 |   132
           D:5 |       0 |       2 |   0.0 |       0 |       1 |   0.0 |    52
           D:6 |       0 |      93 |   0.0 |       0 |       1 |   0.0 |    44
           D:7 |       0 |     355 |   0.0 |       0 |       7 |   0.0 |   189
               +---------+---------+-------+---------+---------+-------+---------
